 Dungeon Crawl Stone Soup version 0.30-a0-170-g85af917532 (webtiles) character file.

Game seed: 12119331366542349441

508 qw the Chopper (level 7, -4/44 HPs)
             Began as a Gargoyle Fighter on Oct 1, 2022.
             Slain by Natasha (10 damage)
             ... on level 4 of the Dungeon.
             The game lasted 00:01:12 (4236 turns).

qw the Chopper (Gargoyle Fighter)                   Turns: 4236, Time: 00:01:12

Health: -4/44      AC:  0    Str: 22    XL:     7   Next: 18%
Magic:  7/7        EV: 17    Int:  8    God:
Gold:   171        SH:  0    Dex: 14    Spells: 6/6 levels left

rFire   . . .      SeeInvis .    (weapon currently unavailable)
rCold   . . .      Faith    .    (shield currently unavailable)
rNeg    + . .      Spirit   .    (body armour currently unavailable)
rPois   inf        Reflect  .    (helmet currently unavailable)
rElec   .          Harm     .    (cloak currently unavailable)
rCorr   .          Rampage  .    (gloves currently unavailable)
Will    .....                    (boots currently unavailable)
Stlth   +.........               (no amulet)
HPRegen 0.14/turn                (ring currently unavailable)
MPRegen 0.10/turn                (ring currently unavailable)

@: bat-form, flying, very quick
A: fast, flying, no casting, sickness immunity, AC +4, tiny, negative energy
resistance 1, (electricity resistance), torment resistance 1, petrification
resistance
a: no special abilities


You were on level 4 of the Dungeon.
You were a bat.
You visited 1 branch of the dungeon, and saw 4 of its levels.

You collected 171 gold pieces.


Innate Abilities, Weirdness & Mutations

You are a bat.
You are tiny and dextrous.
You move quickly.
You are flying.
Your equipment is almost entirely melded.
You are incapable of wielding weapons or throwing items.
You cannot cast spells.
You are immune to sickness and miasma.
((Your stone body is resilient. (AC +4)))
You are immune to poison.
You resist negative energy. (rN+)
((You are resistant to electric shocks. (rElec)))
You are resistant to unholy torment.
You are immune to petrification.


   Skills:
 - Level 5.2 Fighting
 - Level 6.0 Axes
 - Level 3.2 Armour
 + Level 0.0 Dodging
 - Level 3.2 Shields


You had 6 spell levels left.
You didn't know any spells.
Your spell library was empty.

Inventory:

Hand Weapons
 m - a +0 war axe of venom (melded)
 o - a +2 hand axe of flaming
 Y - a +1 war axe
Armour
 c - a +0 buckler (melded)
 h - a +2 helmet (melded)
 i - a +0 pair of gloves (melded)
 l - a +0 chain mail (melded)
 n - a scarf of resistance (melded)
 r - a +0 pair of boots
Jewellery
 g - a ring of protection from cold
 k - a ring of fire
Scrolls
 b - a scroll of immolation {unknown}
 e - a scroll of identify
 j - 3 scrolls of noise {unknown}
Potions
 a - 3 potions of curing
 d - a potion of might
 f - 2 potions of lignification
 p - a potion of attraction {unknown}
 q - a potion of haste
 s - a potion of cancellation {unknown}

Dungeon Overview and Level Annotations

Branches:
Dungeon (4/15)
 Temple: D:4-7

Altars:
Cheibriados

Shops:
D:2 :

Annotations:
D:4 Natasha


Message History

Your +2 helmet melds into your body.
Your +0 pair of gloves melds into your body.
Your +0 buckler melds into your body.
Your +0 chain mail melds into your body.
Your +0 war axe of venom stops dripping with poison.
You feel hot and cold all over. Natasha closely misses you.
You closely miss the crimson imp. Natasha barely misses you.
The crimson imp hits you.
You closely miss the crimson imp. Natasha completely misses you.
The crimson imp closely misses you.
You barely miss the crimson imp.
You hit the crimson imp but do no damage.
Natasha misses you. The crimson imp hits you.
You hit the crimson imp.
The crimson imp is lightly wounded.
Natasha claws you! The crimson imp barely misses you.
You hit the crimson imp.
The crimson imp is moderately wounded.
Natasha claws you. The crimson imp misses you.
You hit the crimson imp but do no damage.
The crimson imp is lightly wounded.
Natasha barely misses you.
The crimson imp picks up a beetle and eats it.
The crimson imp closely misses you.
You closely miss the crimson imp.
The crimson imp is lightly wounded.
Natasha claws you! The crimson imp hits you.
You barely miss the crimson imp.
Natasha wildly gestures.
Natasha's front paws start to glow.
Natasha claws you! The crimson imp barely misses you.
You hit the crimson imp but do no damage.
Natasha barely misses you.
The crimson imp blinks!
You hit Natasha but do no damage.
Natasha casts a spell.
You hit Natasha but do no damage. You hit Natasha but do no damage.
Natasha claws you!
You die...

#.......#..........#
#.......'..........#
#.......######.....#
#............#.....#
#............'. ...#
#####............##' ###
#...#...............
#.>.##....~.5...#.
#.......#...b.#...#
#.....~....#.h..~...
#...#...#.....#5..#.
##.........~.~.......
#.....~.~.......~.~..
#.........#...#... .#
##...#.#.)..~....#. .
##........#...#.....#.
#.....~.~.......~.~......


You could see Natasha, a crimson imp (summoned) and a white imp (summoned).

Vanquished Creatures
  Eustachio (D:4)
  A scorpion (D:4)
  A jelly (D:3)
  A gnoll bouda (D:4)
  2 orc priests
  Natasha (twice) (D:4)
  2 orc wizards (D:3)
  An adder (D:3)
  A gnoll (D:4)
  A worm (D:2)
  2 dart slugs
  7 orcs
  7 ball pythons
  3 bats
  4 endoplasms
  8 hobgoblins
  2 quokkas (D:1)
  7 goblins
  9 kobolds
  5 rats
67 creatures vanquished.

Notes
Turn   | Place    | Note
-------+----------+-------------------------------------------
     0 | D:1      | qw the Gargoyle Fighter began the quest for the Orb.
     0 | D:1      | Reached XP level 1. HP: 14/14 MP: 1/1
     0 | D:1      | 0 ||| qw: Version: 0.2-a-13-gfc7b4b4
     0 | D:1      | 0 ||| qw: Game counter: 1715
     0 | D:1      | 0 ||| qw: Always use a shield: true
     0 | D:1      | 0 ||| qw: God list: Okawaru
     0 | D:1      | 0 ||| qw: Allow faded altars: false
     0 | D:1      | 0 ||| qw: Do Orc after D:15 true
     0 | D:1      | 0 ||| qw: Do second Lair branch before Depths: true
     0 | D:1      | 0 ||| qw: Lair rune preference: random
     0 | D:1      | 0 ||| qw: Plans: Normal, Zot:1-4, God:TSO, Crypt, Tomb,
                  | Pan, Slime:5, Hells, Abyss, Orb
     0 | D:1      | 0 ||| PLANNING D:1-11
    54 | D:1      | Reached skill level 2 in Axes
   153 | D:1      | 153 ||| Stepping ~*~*~tactically~*~*~ (stealth).
   456 | D:1      | Reached XP level 2. HP: 18/19 MP: 2/2
   543 | D:1      | 543 ||| Stepping ~*~*~tactically~*~*~ (stealth).
   627 | D:1      | 627 ||| Stepping ~*~*~tactically~*~*~ (hiding).
   640 | D:1      | Reached skill level 3 in Axes
   643 | D:1      | Reached XP level 3. HP: 23/23 MP: 3/3
   911 | D:1      | 911 ||| DROPPING +0 mace.
  1032 | D:1      | 1032 ||| UPGRADING to +0 pair of gloves.
  1037 | D:1      | 1037 ||| READING scroll labelled JYINUI EMNOTH.
  1038 | D:1      | 1038 ||| READING scroll labelled HYER ANYTUTSE.
  1039 | D:1      | 1039 ||| READING scroll labelled WIFERUG TEHAWE.
  1085 | D:2      | Found Ilett's Book Emporium.
  1713 | D:2      | 1713 ||| UPGRADING to +2 helmet.
  1718 | D:2      | 1718 ||| READING scroll labelled MUPPEKHL UCZITT.
  1719 | D:2      | 1719 ||| READING 2 scrolls of identify.
  1719 | D:2      | 1719 ||| IDENTIFYING dark potion
  1892 | D:3      | 1892 ||| Stepping ~*~*~tactically~*~*~ (stealth).
  1894 | D:3      | 1894 ||| Stepping ~*~*~tactically~*~*~ (hiding).
  1903 | D:3      | Reached skill level 4 in Axes
  1903 | D:3      | Reached XP level 4. HP: 28/28 MP: 4/4
  1908 | D:3      | 1908 ||| DROPPING +0 flail.
  2316 | D:3      | 2316 ||| Stepping ~*~*~tactically~*~*~ (hiding).
  2317 | D:3      | 2317 ||| Stepping ~*~*~tactically~*~*~ (hiding).
  2325 | D:3      | Reached XP level 5. HP: 32/32 MP: 5/5
  2404 | D:3      | 2404 ||| Stepping ~*~*~tactically~*~*~ (stealth).
  2449 | D:3      | 2449 ||| DROPPING +0 morningstar.
  2580 | D:3      | HP: 3/32 [orc priest/divine providence (15)]
  2582 | D:3      | Reached skill level 5 in Axes
  2968 | D:3      | 2968 ||| Stepping ~*~*~tactically~*~*~ (stealth).
  2984 | D:3      | 2984 ||| UPGRADING to +0 chain mail.
  2994 | D:3      | 2994 ||| DROPPING +0 scale mail.
  2995 | D:3      | 2995 ||| UPGRADING to scarf of resistance.
  3000 | D:3      | 3000 ||| READING scroll labelled QERIWU PUYG.
  3001 | D:3      | 3001 ||| READING 2 scrolls labelled WEOKKY WIXIET.
  3004 | D:3      | 3004 ||| READING scroll labelled NETAASHEGGAB.
  3005 | D:3      | 3005 ||| DRINKING 3 murky sapphire potions.
  3118 | D:4      | Noticed Natasha
  3127 | D:4      | Killed Natasha
  3216 | D:4      | Noticed Eustachio
  3217 | D:4      | 3217 ||| Stepping ~*~*~tactically~*~*~ (stealth).
  3233 | D:4      | Killed Eustachio
  3234 | D:4      | Reached XP level 6. HP: 34/40 MP: 6/6
  3335 | D:4      | Found a snail-covered altar of Cheibriados.
  3439 | D:4      | 3439 ||| Stepping ~*~*~tactically~*~*~ (hiding).
  3441 | D:4      | Noticed Natasha
  3445 | D:4      | Killed Natasha
  3559 | D:4      | 3559 ||| SWAPPING to +0 war axe of venom.
  3617 | D:4      | Reached XP level 7. HP: 38/44 MP: 7/7
  3831 | D:4      | HP: 11/44 [gnoll/+0 spear[a gnoll bouda] (1)]
  3832 | D:4      | 3832 ||| READING 2 scrolls of teleportation.
  3832 | D:4      | HP: 4/44 [gnoll bouda/+0 club (2)]
  3837 | D:4      | Reached skill level 6 in Axes
  3884 | D:4      | Noticed Natasha
  3885 | D:4      | 3885 ||| Stepping ~*~*~tactically~*~*~ (stealth).
  3888 | D:4      | HP: 10/44 [Natasha (2)]
  3889 | D:4      | 3889 ||| READING scroll of teleportation.
  4188 | D:4      | 4188 ||| Stepping ~*~*~tactically~*~*~ (stealth).
  4189 | D:4      | 4189 ||| Stepping ~*~*~tactically~*~*~ (stealth).
  4232 | D:4      | HP: 6/44 [Natasha (7)]
  4236 | D:4      | Slain by Natasha

Levels and vault maps discovered:
D:1:      lemuel_arrival_cross, layout_loops_ring, kennysheep_decorative_pillar,
          fountainhead, serial_park_tiny_1
D:2:      layout_rooms, serial_shops, nicolae_shop_advertising_works
          [nicolae_subvault_shop_adworks], nicolae_figureground_pulse
D:3:      layout_loops_corners
D:4:      dreamdust_elfheim, layout_gridville, lemuel_doored_altar,
          roderic_roman_lattice, nicolae_kite_square_tiling_tiny,
          grunt_ministairs_11, uniq_eustachio, uniq_natasha

Skill      XL: |  1  2  3  4  5  6  7 |
---------------+----------------------+-----
Axes           | 2 3 4 5 6 |  6.0
Fighting       | 5 |  5.2
Armour         | |  3.2
Shields        | |  3.2

Action                   |  1- 3 |  4- 6 |  7- 9 || total
-------------------------+-------+-------+-------++-------
Melee: War axe           |    84 |   117 |    10 ||   211
       Unarmed           |       |       |    13 ||    13
  Use: Scroll            |     5 |     3 |     2 ||    10
       Potion            |       |     1 |       ||     1
Armor: Scale mail        |    41 |    52 |       ||    93
       Chain mail        |       |    20 |     9 ||    29
Dodge: Dodged            |    37 |    52 |    15 ||   104
Block: Buckler           |    15 |    24 |     6 ||    45

Table legend:
 A = Non-vault XP
 B = Vault XP
 C = Vault XP percentage of total XP
 D = Non-vault monster count
 E = Vault monster count
 F = Vault count percentage of total count
                 A         B        C        D         E       F
            +---------+---------+-------+---------+---------+-------
      Total |     440 |     286 |  39.4 |      61 |       6 |   9.0
            +---------+---------+-------+---------+---------+-------
        D:1 |      45 |       0 |   0.0 |      26 |       0 |   0.0
        D:2 |      12 |       0 |   0.0 |       5 |       0 |   0.0
        D:3 |     205 |       0 |   0.0 |      22 |       0 |   0.0
        D:4 |     178 |     286 |  61.6 |       8 |       6 |  42.9
            +---------+---------+-------+---------+---------+-------
